 Dungeon Crawl Stone Soup version 0.28.0 (webtiles) character file.

Game seed: 16628780075176549262

212 Renzlar the Quickloader (level 5, -2/43 HPs)
             Began as a Gnoll Hunter on Feb 16, 2022.
             Slain by Sigmund (3 damage)
             ... on level 4 of the Dungeon.
             The game lasted 00:06:35 (1864 turns).

Renzlar the Quickloader (Gnoll Hunter)              Turns: 1864, Time: 00:06:36

Health: -2/43      AC: 12    Str: 13    XL:     5   Next: 89%
Magic:  0/7        EV:  7    Int: 10    God:
Gold:   73         SH:  0    Dex: 13    Spells: 7/7 levels left

rFire   . . .      SeeInvis .   b - +0 short sword
rCold   . . .      Faith    .   (no shield)
rNeg    . . .      Spirit   +   p - +0 chain mail
rPois   .          Reflect  .   (no helmet)
rElec   .          Harm     .   (no cloak)
rCorr   .          Rampage  .   (no gloves)
Will    .....                   (no boots)
Stlth   ..........              k - amulet of guardian spirit
HPRegen 0.14/turn               m - +4 ring of protection
MPRegen 0.10/turn               (no ring)

@: no status effects
A: fangs 1, strong nose, distributed training
a: no special abilities


You were on level 4 of the Dungeon.
You visited 1 branch of the dungeon, and saw 3 of its levels.

You collected 73 gold pieces.

Inventory:

Hand Weapons
 a - a +1 hand crossbow
 b - a +0 short sword (weapon)
Missiles
 f - 39 stones
 l - 20 sling bullets
Armour
 h - a +0 scale mail
 p - a +0 chain mail (worn)
Jewellery
 i - a ring of wizardry
 k - an amulet of guardian spirit (around neck)
 m - a +4 ring of protection (left hand)
Scrolls
 o - a scroll of fear {unknown}
Potions
 e - 2 potions of degeneration {unknown}
 g - a potion of mutation {unknown}
 j - a potion of cancellation {unknown}
 n - a potion of might {unknown}


   Skills:
 + Level 4.8 Fighting
 + Level 1.6 Short Blades
 + Level 1.6 Long Blades
 + Level 1.6 Axes
 + Level 1.6 Maces & Flails
 + Level 1.6 Polearms
 + Level 1.6 Staves
 + Level 1.6 Slings
 + Level 1.6 Bows
 + Level 8.7 Crossbows
 + Level 1.6 Throwing
 + Level 1.6 Armour
 + Level 4.8 Dodging
 + Level 2.9 Stealth
 + Level 1.6 Shields
 + Level 1.6 Unarmed Combat
 + Level 1.6 Spellcasting
 + Level 1.3 Conjurations
 + Level 1.3 Hexes
 + Level 1.3 Summonings
 + Level 1.3 Necromancy
 + Level 1.3 Translocations
 + Level 1.3 Transmutations
 + Level 1.3 Fire Magic
 + Level 1.3 Ice Magic
 + Level 1.3 Air Magic
 + Level 1.3 Earth Magic
 + Level 1.3 Poison Magic
 + Level 1.9 Invocations
 + Level 1.6 Evocations


You had 7 spell levels left.
You didn't know any spells.
Your spell library was empty.

Dungeon Overview and Level Annotations

Branches:
Dungeon (2/15)

Altars:

Shops:
D:1 =

Annotations:
D:4 Sigmund


Innate Abilities, Weirdness & Mutations

You have very sharp teeth.
Your uncanny sense of smell can sniff out nearby items.
Your experience applies equally to all skills.


Message History

Something hits you!
You closely miss something.
You feel less confused. Something hits you.
You barely miss something. You completely miss something.
Your punch misses something. Something hits you!
You hit something but do no damage. Something hits you but does no damage.
You miss something. You hit something but do no damage.
Something hits you but does no damage.
You barely miss something. Something hits you!
You barely miss something. Something hits you but does no damage.
You miss something. You hit something but do no damage.
Your bite misses something. Something hits you but does no damage.
You miss something. You bite something. Something hits you but does no damage.
You miss something. You miss something. You bite something.
Something hits you but does no damage.
You hit something. Something hits you.
You miss something. You hit something. You bite something. Something hits you!
* * * LOW HITPOINT WARNING * * *
You closely miss something. Your bite misses something.
You hear some strange, mumbled words.
You are confused.
You're too confused to move!
Something hits you but does no damage.
You're too confused to move!
Something hits you but does no damage. Something hits you.
* * * LOW HITPOINT WARNING * * *
You bump into the rock wall.
You feel less confused.
You hear some strange, mumbled words.
A puff of flame appears from out of thin air!
The puff of flame hits you but does no damage.
You hear some strange, mumbled words.
A puff of flame appears from out of thin air!
The puff of flame hits you!
* * * LOW HITPOINT WARNING * * *
Something hits you.
You die...

.##......# #.#
.###.#####.# #.#
.#.........## #.#
.#.#......... #.#
.............. #.#
#........... . #.#
#........##.##. #.#
.....###.#.....#########.#
###.... .#..((.(@{....##.#
#..... #...###..###.##.#
.......# #....#.##.#
...###. #.##.#.##.# #.#
.#....# #.. ###### ###


There were no monsters in sight!

Vanquished Creatures
  An ogre (D:4)
  4 gnolls (D:2)
  A howler monkey skeleton (D:4)
  3 adders
  An adder skeleton (D:4)
  4 ball pythons (D:1)
  4 bats
  6 endoplasms
  2 giant cockroaches
  4 goblins
  2 hobgoblins
  4 jackals (D:2)
  5 kobolds
  2 quokkas (D:1)
  3 frilled lizards
  3 rats (D:2)
49 creatures vanquished.

Notes
Turn   | Place    | Note
-------+----------+-------------------------------------------
     0 | D:1      | Renzlar the Gnoll Hunter began the quest for the Orb.
     0 | D:1      | Reached XP level 1. HP: 20/20 MP: 1/1
   162 | D:1      | Reached XP level 2. HP: 26/26 MP: 2/2
   342 | D:1      | Found Waptasism's Jewellery Emporium.
   631 | D:1      | Reached XP level 3. HP: 31/31 MP: 3/3
   826 | D:1      | Found a faded altar of an unknown god.
   972 | D:2      | Reached skill level 1 in Invocations
  1290 | D:2      | Reached skill level 1 in Short Blades
  1290 | D:2      | Reached skill level 1 in Long Blades
  1290 | D:2      | Reached skill level 1 in Axes
  1290 | D:2      | Reached skill level 1 in Maces & Flails
  1290 | D:2      | Reached skill level 1 in Polearms
  1290 | D:2      | Reached skill level 1 in Staves
  1290 | D:2      | Reached skill level 1 in Slings
  1290 | D:2      | Reached skill level 1 in Bows
  1290 | D:2      | Reached skill level 1 in Throwing
  1290 | D:2      | Reached skill level 1 in Armour
  1290 | D:2      | Reached skill level 1 in Shields
  1290 | D:2      | Reached skill level 1 in Unarmed Combat
  1290 | D:2      | Reached skill level 1 in Spellcasting
  1290 | D:2      | Reached skill level 1 in Evocations
  1290 | D:2      | Reached XP level 4. HP: 38/38 MP: 5/5
  1413 | D:2      | Reached skill level 1 in Conjurations
  1413 | D:2      | Reached skill level 1 in Hexes
  1413 | D:2      | Reached skill level 1 in Summonings
  1413 | D:2      | Reached skill level 1 in Necromancy
  1413 | D:2      | Reached skill level 1 in Translocations
  1413 | D:2      | Reached skill level 1 in Transmutations
  1413 | D:2      | Reached skill level 1 in Fire Magic
  1413 | D:2      | Reached skill level 1 in Ice Magic
  1413 | D:2      | Reached skill level 1 in Air Magic
  1413 | D:2      | Reached skill level 1 in Earth Magic
  1413 | D:2      | Reached skill level 1 in Poison Magic
  1660 | D:2      | You fall into a shaft and drop 2 floors!
  1660 | D:4      | Noticed an ogre
  1666 | D:4      | Killed an ogre
  1667 | D:4      | Reached XP level 5. HP: 42/43 MP: 5/7
  1826 | D:4      | Noticed Sigmund
  1863 | D:4      | HP: 1/43 [something/puff of flame (8)]
  1864 | D:4      | Slain by Sigmund

Illustrated notes

Levels and vault maps discovered:
D:1:      kennysheep_arrival_seaside, layout_loops_cross, serial_shops,
          nicolae_diamond_shop, dilly_ecumenical_altar_fadedgnrine,
          minmay_cut_off
D:2:      layout_rooms
D:4:      layout_basic, mainiacjoe_overflow_six_doors_small,
          gammafunk_temple_overflow_elements, uniq_menkaure, uniq_sigmund

Skill      XL: |  1  2  3  4 |
---------------+-------------+-----
Invocations    | 1 |  1.9
Short Blades   | 1 |  1.6
Long Blades    | 1 |  1.6
Axes           | 1 |  1.6
Maces & Flails | 1 |  1.6
Polearms       | 1 |  1.6
Staves         | 1 |  1.6
Slings         | 1 |  1.6
Bows           | 1 |  1.6
Throwing       | 1 |  1.6
Armour         | 1 |  1.6
Shields        | 1 |  1.6
Unarmed Combat | 1 |  1.6
Spellcasting   | 1 |  1.6
Evocations     | 1 |  1.6
Conjurations   | 1 |  1.3
Hexes          | 1 |  1.3
Summonings     | 1 |  1.3
Necromancy     | 1 |  1.3
Translocations | 1 |  1.3
Transmutations | 1 |  1.3
Fire Magic     | 1 |  1.3
Ice Magic      | 1 |  1.3
Air Magic      | 1 |  1.3
Earth Magic    | 1 |  1.3
Poison Magic   | 1 |  1.3
Fighting       | |  4.8
Crossbows      | |  8.7
Dodging        | |  4.8
Stealth        | |  2.9

Action                   |  1- 3 |  4- 6 || total
-------------------------+-------+-------++-------
Melee: Short sword       |     9 |    47 ||    56
       Bite              |     1 |     6 ||     7
       Punch             |       |     1 ||     1
 Fire: Hand crossbow     |    61 |    38 ||    99
  Use: Scroll            |     1 |       ||     1
Armor: Scale mail        |       |    22 ||    22
       Chain mail        |       |    14 ||    14
Dodge: Dodged            |    12 |    28 ||    40
